 Dungeon Crawl Stone Soup version 0.28-a0-224-g76b539d98b (webtiles) character file.

Game seed: 11472321620929743529

44 Arne the Gusty (level 3, -6/19 HPs)
             Began as a Tengu Air Elementalist on Aug 21, 2021.
             Mangled by an ogre (14 damage)
             ... on level 3 of the Dungeon.
             The game lasted 00:11:40 (1145 turns).

Arne the Gusty (Tengu Air Elementalist)             Turns: 1145, Time: 00:11:41

Health: -6/19      AC:  2    Str:  8    XL:     3   Next: 60%
Magic:  2/7        EV: 12    Int: 16    God:
Gold:   38         SH:  0    Dex: 14    Spells: 5/6 levels left

rFire   . . .      SeeInvis .   g - +0 spear
rCold   . . .      Faith    .   (no shield)
rNeg    . . .      Spirit   .   a - +0 robe
rPois   +          Reflect  .   (helmet restricted)
rElec   .          Harm     .   (no cloak)
rCorr   .          Rampage  .   (no gloves)
Will    .....                   (boots unavailable)
Stlth   ++........              (no amulet)
HPRegen 0.06/turn               i - ring of poison resistance
MPRegen 0.10/turn               (no ring)

@: very slightly contaminated
A: beak, talons 3
a: no special abilities


You were on level 3 of the Dungeon.
You visited 1 branch of the dungeon, and saw 3 of its levels.

You collected 38 gold pieces.

Inventory:

Hand Weapons
 f - a +0 club
 g - a +0 spear (weapon)
Missiles
 d - 17 poisoned darts
Armour
 a - a +0 robe (worn)
Jewellery
 i - a ring of poison resistance (left hand)
 l - a ring of willpower
Scrolls
 c - a scroll of teleportation {unknown}
 e - a scroll of immolation {unknown}
 h - a scroll of fear {unknown}
 j - a scroll of identify {unknown}
Potions
 b - 2 potions of curing {unknown}
 k - a potion of ambrosia {unknown}


   Skills:
 * Level 2.6 Dodging
 + Level 2.1 Stealth
 + Level 2.2 Spellcasting
 * Level 2.1 Conjurations
 + Level 5.0 Air Magic


You had 5 spell levels left.
You knew the following spells:

 Your Spells              Type           Power      Damage    Failure   Level
a - Shock                 Conj/Air       52%        1d6       4%          1

Your spell library contained the following spells:

 Spells                   Type           Power      Damage    Failure   Level
 Static Discharge         Conj/Air       13%        N/A       7%          2
 Swiftness                Air            17%        N/A       8%          3
 Airstrike                Air            8%         N/A       26%         4


Dungeon Overview and Level Annotations

Branches:
Dungeon (3/15)

Altars:


Innate Abilities, Weirdness & Mutations

You have a beak for a mouth.
You have claws for feet.


Message History

Confirm with . or Enter, or press ? or * to list all spells.
Aiming: Shock (safe; 4% risk of failure)
Press: ? - help, Shift-Dir - straight line, f/p - ogre
Aim: an ogre, wielding a +0 giant club (moderately wounded, 85% to hit)
The zap hits the ogre.
The ogre is moderately wounded.
The ogre misses you.
Unknown command.
Casting: Shock (safe; 4% risk of failure)
Confirm with . or Enter, or press ? or * to list all spells.
Aiming: Shock (safe; 4% risk of failure)
Press: ? - help, Shift-Dir - straight line, f/p - ogre
Aim: an ogre, wielding a +0 giant club (moderately wounded, 85% to hit)
The zap misses the ogre.
Unknown command.
Found a scroll labelled JAWOID EKEV.
There is a stone staircase leading down here.
A kobold comes into view. It is wielding a +0 short sword.
The kobold shouts!
Casting: Shock (safe; 4% risk of failure)
Confirm with . or Enter, or press ? or * to list all spells.
Aiming: Shock (safe; 4% risk of failure)
Press: ? - help, Shift-Dir - straight line, f/p - ogre
Aim: an ogre, wielding a +0 giant club (lightly wounded, 85% to hit)
You miscast Shock.
You are very lightly contaminated with residual magic.
Nothing appears to happen.
The ogre hits you with a +0 giant club!
Ouch! That really hurt!
Casting: Shock (safe; 4% risk of failure)
Confirm with . or Enter, or press ? or * to list all spells.
Aiming: Shock (safe; 4% risk of failure)
Press: ? - help, Shift-Dir - straight line, f/p - ogre
Aim: an ogre, wielding a +0 giant club (lightly wounded, 85% to hit)
The zap hits the ogre.
The ogre is moderately wounded.
The zap hits the ogre.
The ogre is moderately wounded.
The ogre hits you with a +0 giant club!
Ouch! That really hurt!
You die...

###..#.# .... ...
....#.#......#
#.###...#.#..?...#
#K# ..).#.#.$....
###.####..#.#.##.###
# .....[.....$......#
#.##.####...........#
#......>............#
#.##@O..##...<......#
#.....+..##########
#.....#### .........
###########


You could see an ogre and a kobold.

Vanquished Creatures
  A gnoll (D:1)
  A worm (D:2)
  3 bats (D:1)
  4 endoplasms
  2 giant cockroaches (D:1)
  3 goblins
  3 hobgoblins
  2 quokkas
  5 ball pythons
  A frilled lizard (D:2)
  2 kobolds
27 creatures vanquished.

Notes
Turn   | Place    | Note
-------+----------+-------------------------------------------
     0 | D:1      | Arne the Tengu Air Elementalist began the quest for the
                  | Orb.
     0 | D:1      | Reached XP level 1. HP: 10/10 MP: 4/4
   147 | D:1      | Found a faded altar of an unknown god.
   180 | D:1      | Reached XP level 2. HP: 8/15 MP: 0/6
   344 | D:1      | Reached XP level 3. HP: 15/19 MP: 2/7
   851 | D:2      | Reached skill level 5 in Air Magic
  1130 | D:3      | Noticed an ogre
  1145 | D:3      | Mangled by an ogre

Illustrated notes

Levels and vault maps discovered:
D:1:      ebering_trefoil_twist, layout_loops_ring,
          shapermc_ecumenical_altar_venn, hex_medium
D:2:      layout_rooms, kennysheep_decorative_pillar
D:3:      layout_basic

Skill      XL: |  1  2  3 |
---------------+----------+-----
Conjurations   | 2 |  2.1
Air Magic      | 5 |  5.0
Dodging        | |  2.6
Stealth        | |  2.1
Spellcasting   | |  2.2

Action                   || total
-------------------------++-------
Melee: Unarmed           ||     4
       Kick              ||    11
       Spear             ||    27
       Peck              ||     3
       Club              ||     1
 Cast: Shock             ||    45
 Stab: Sleeping          ||     2
Armor: Robe              ||     4
Dodge: Dodged            ||    10

Table legend: (Time is in decaauts)
 A = Elapsed time spent in this place.
 B = Non-inter-level travel time spent in this place.
 C = Inter-level travel time spent in this place.
 D = Time resting spent in this place.
 E = Time spent auto-exploring this place.
 F = Levels seen in this place.
 G = Mean time per level.
                   A        B        C        D        E       F      G
               +--------+--------+--------+--------+--------+-----+--------+
         Total |   1145 |   1082 |     63 |      0 |    145 |   3 |  381.7 |
       Dungeon |   1145 |   1082 |     63 |      0 |    145 |   3 |  381.7 |
               +--------+--------+--------+--------+--------+-----+--------+

Top non-repeatable levels by time:
     D:1: 575 daAuts
     D:2: 555 daAuts
     D:3: 14 daAuts
